 Dungeon Crawl Stone Soup version 0.20.1-1-g8b1a95d (webtiles) character file.

1993 letownia2 the Thaumaturge (level 9, -9/68 HPs)
             Began as a Deep Dwarf Necromancer on Dec 17, 2017.
             Was an Initiate of Gozag.
             Mangled by a wolf spider zombie (14 damage)
             ... on level 7 of the Dungeon.
             The game lasted 00:18:33 (4760 turns).

letownia2 the Thaumaturge (Deep Dwarf Necromancer)  Turns: 4760, Time: 00:18:34

Health: -9/68      AC:  7    Str: 13    XL:     9   Next: 1%
Magic:  22/22      EV: 11    Int: 18    God:    Gozag
Gold:   49         SH:  0    Dex: 13    Spells: 22/26 levels left

rFire    . . .     SeeInvis .   b - +3 flail (holy)
rCold    . . .     Gourm    +   (no shield)
rNeg     . . .     Faith    .   f - +0 ring mail
rPois    .         Spirit   .   g - +0 helmet
rElec    .         Reflect  .   (no cloak)
rCorr    .         Harm     .   z - +0 pair of gloves
MR       +....                  (no boots)
Stlth    +.........             p - amulet of the gourmand
Regen    0.0/turn               (no ring)
MPRegen  0.2/turn               (no ring)

@: about to teleport, non-regenerating
A: damage resistance, heal wounds, sense surroundings 2, no regeneration
a: Heal Wounds, Potion Petition, Call Merchant, Bribe Branch, Renounce Religion


You were on level 7 of the Dungeon.
You worshipped Gozag.
Gozag was noncommittal.
You were very full.

You visited 2 branches of the dungeon, and saw 8 of its levels.

You collected 212 gold pieces.
You spent 38 gold pieces at shops.
You paid 125 gold pieces to Gozag.

Inventory:

Hand Weapons
 a - a +2 morningstar of freezing
 b - a +3 flail of holy wrath (weapon)
 e - a +0 short sword
 k - a +0 hand axe
 n - a +1 dagger of flaming
Missiles
 r - 25 bolts
Armour
 f - a +0 ring mail (worn)
 g - a +0 helmet (worn)
 m - a +0 robe
 z - a +0 pair of gloves (worn)
Jewellery
 p - an amulet of the gourmand (around neck)
Wands
 u - a wand of acid (11/15)
 v - a wand of polymorph (17/24)
 x - a wand of paralysis (18/24)
 C - a wand of paralysis (19/24)
 H - a wand of random effects (19/48)
Scrolls
 d - a scroll of fog
 i - 4 scrolls of identify
 o - 3 scrolls of recharging
 s - a scroll of noise {unknown}
 w - a scroll of enchant armour {unknown}
 y - 2 scrolls of remove curse {unknown}
 A - a scroll of enchant weapon
 B - 2 scrolls of amnesia
Potions
 q - 2 potions of curing {unknown}
 D - a potion of invisibility {unknown}
 E - a potion of might {unknown}
 F - a potion of heal wounds {unknown}
Books
 l - a book of Necromancy

   Spells                             Type                      Level
   a - Pain                           Necromancy                   1
   b - Animate Skeleton               Necromancy                   1
   c - Vampiric Draining              Necromancy                   3
   d - Regeneration                   Charms/Necromancy            3
   e - Animate Dead                   Necromancy                   4
   f - Control Undead                 Necromancy                   4
Comestibles
 c - 6 bread rations
 h - a meat ration
 j - a royal jelly


   Skills:
 - Level 2.1 Dodging
 - Level 2.4 Stealth
 + Level 9.1 Spellcasting
 - Level 7.1 Necromancy


You had 22 spell levels left.
You knew the following spells:

 Your Spells              Type           Power        Failure   Level  Hunger
a - Pain                  Necr           ####         1%          1    None
v - Vampiric Draining     Necr           ####......   3%          3    None


Dungeon Overview and Level Annotations

Branches:
Dungeon (7/15)             Temple (1/1) D:7

Altars:
Cheibriados
Dithmenos
Elyvilon
Fedhas
Gozag
Hepliaklqana
Kikubaaqudgha
Makhleb
Nemelex Xobeh
Okawaru
Qazlal
Ru
Sif Muna
Trog
Uskayaw
Vehumet
Xom
Yredelemnul
Zin
The Shining One

Shops:
D:4 [   D:5 *

Annotations:
D:4 1 runed door
D:7 hilaritas's ghost, novice GrGl


Innate Abilities, Weirdness & Mutations

You are resistant to damage.
You can heal yourself by infusing magical energy.
You passively map the area around you.
You do not regenerate.


Message History

Unknown command.
Unknown command.
Unknown command.
The bullfrog zombie hits you but does no damage.
Unknown command.
Unknown command.
Unknown command.
Unknown command.
Okay, then.
As you read the scroll of teleportation, it crumbles to dust.
You feel strangely unstable.
The wolf spider zombie completely misses you.
The wolf spider zombie bites you.
* * * LOW HITPOINT WARNING * * *
Unknown command.
Unknown command.
Unknown command.
The wolf spider zombie hits you!
You die...
Your body crumbles into a pile of gold.

###..#######.....#,
,
...........'.....#
....
###..#.#####.....#
.... .......#
###..##,...,
...##### ##.# ,.. *
* .....# #.###'#
###### .#.#.#
#...#.##...... *
.#.#.###
##............,
...#...#
##@..#.#....[ ,*
######)#
#..Z#.#.#.. .. ####
......)# #..#Z#.#.#
, .. ... ########*
* * #(..#.>.# , ..#
#. *,, #..#.#.#.#,
,...#. ### ,,
.....#.#.#.. #...
..# , ##.....#
#...# #.## #.# *
......., ...# #...
### * .#...#) ,.##
####.


You could see a bullfrog zombie and a wolf spider zombie.

Vanquished Creatures
  Sigmund (D:6)
  A spriggan (D:7)
  Duvessa (D:7)
  A water moccasin (D:5)
  A necrophage (D:6)
  3 ogres
  3 bullfrogs
  Dowan (D:7)
  2 scorpions (D:4)
  A centaur zombie (D:7)
  3 orc priests
  2 jellies
  10 orc wizards
  4 worker ants
  An iguana (D:5)
  2 worker ant zombies (D:6)
  8 adders
  2 shadow imps
  An ooze (D:3)
  An adder zombie (D:6)
  A worm (D:4)
  2 dart slugs
  A leopard gecko (D:4)
  18 orcs
  A ball python (D:5)
  3 hobgoblins
  5 jackals
  5 kobolds
  2 quokkas
  A ball python skeleton (D:4)
  A bat (D:3)
  4 frilled lizards
  A rat (D:3)
94 creatures vanquished.

Notes
Turn   | Place    | Note
-------+----------+-------------------------------------------
     0 | D:1      | letownia2 the Deep Dwarf Necromancer began the quest for the Orb.
     0 | D:1      | Reached XP level 1. HP: 15/15 MP: 3/3
   309 | D:3      | Reached skill level 2 in Spellcasting
   385 | D:3      | Reached XP level 2. HP: 19/22 MP: 0/5
   483 | D:3      | Reached skill level 5 in Necromancy
   658 | D:3      | Reached XP level 3. HP: 24/28 MP: 4/6
   666 | D:3      | Learned a level 3 spell: Vampiric Draining
   713 | D:3      | Found a glowing silver altar of Zin.
   758 | D:4      | Found a hazy altar of Hepliaklqana.
  1062 | D:4      | Found a runed door.
  1129 | D:4      | Noticed an ogre
  1142 | D:4      | Reached XP level 4. HP: 27/36 MP: 3/7
  1221 | D:4      | Killed an ogre
  1221 | D:4      | Reached XP level 5. HP: 33/42 MP: 0/8
  1457 | D:3      | Reached skill level 3 in Spellcasting
  1545 | D:4      | Reached XP level 6. HP: 28/49 MP: 5/10
  1794 | D:4      | Reached skill level 4 in Spellcasting
  2154 | D:4      | Found Pyophap's Armour Emporium.
  2567 | D:5      | Entered Level 5 of the Dungeon
  2688 | D:5      | Found a sparkling altar of Nemelex Xobeh.
  2700 | D:5      | Found Julewor's Assorted Antiques.
  2793 | D:5      | Reached XP level 7. HP: 49/55 MP: 10/14
  2805 | D:5      | Reached skill level 5 in Spellcasting
  3096 | D:5      | Bought a scroll labeled OVA FAFOEPUO for 19 gold pieces
  3097 | D:5      | Bought a scroll labeled VUMAR VADY for 19 gold pieces
  3143 | D:6      | Reached skill level 6 in Spellcasting
  3330 | D:6      | Reached XP level 8. HP: 60/62 MP: 7/18
  3343 | D:6      | Found a blossoming altar of Fedhas.
  3411 | D:6      | Noticed Sigmund
  3422 | D:6      | Killed Sigmund
  3422 | D:6      | Reached skill level 7 in Spellcasting
  3928 | D:6      | Reached skill level 8 in Spellcasting
  4218 | D:7      | Noticed a hellwing
  4219 | D:7      | Noticed hilaritas's ghost (novice GrGl)
  4311 | D:7      | Noticed a hellwing
  4498 | D:7      | Noticed Duvessa
  4498 | D:7      | Noticed Dowan
  4510 | D:7      | Killed Duvessa
  4510 | D:7      | Reached skill level 9 in Spellcasting
  4516 | D:7      | Killed Dowan
  4516 | D:7      | Gained mutation: You passively map the area around you. [Deep Dwarf growth]
  4516 | D:7      | Reached XP level 9. HP: 29/68 MP: 0/22
  4572 | D:7      | Found a staircase to the Ecumenical Temple.
  4581 | Temple   | Entered the Ecumenical Temple
  4679 | Temple   | Became a worshipper of Gozag Ym Sagoz the Greedy
  4760 | D:7      | Mangled by a wolf spider zombie

Skill      XL: |  1  2  3  4  5  6  7  8 |
---------------+-------------------------+-----
Spellcasting   | 2 3 4 6 9 |  9.1
Necromancy     | 5 6 7 |  7.1
Dodging        | |  2.1
Stealth        | |  2.4

Action                   |  1- 3 |  4- 6 |  7- 9 || total
-------------------------+-------+-------+-------++-------
Melee: Short sword       |    15 |     8 |       ||    23
       Flail             |       |     6 |    68 ||    74
       Morningstar       |       |       |     7 ||     7
 Cast: Pain              |    39 |    53 |    56 ||   148
       Vampiric Draining |     5 |    14 |    31 ||    50
  Use: Scroll            |       |       |     8 ||     8
  Eat: Chunk             |     2 |    16 |     6 ||    24
Armor: Ring mail         |    13 |     6 |    57 ||    76
       Robe              |     1 |       |       ||     1
Dodge: Dodged            |    16 |    27 |    82 ||   125
